AoeStats
← Gengis Khan5473

Arena

507195377Analyzed
1v1 RM · 16d ago on Sep 17, 2026· 47m 32s· 2 players
Game mode
Random Map
Map size
Tiny (2 player)
Population
200
Speed
Normal
Resources
Standard
Victory
Conquest
Starting age
Dark Age
Ending age
Imperial Age
RankedLock teamsTeams togetherTeam positionsShared explorationLock speedFull tech treeHidden civsTurbo modeCheats
Victory
Defeat
🇺🇸 Persians · United States
587
+15
🇵🇪 Romans · Peru
567
-26
Gengis Khan5473
12:58 Feudal Age
18:57 Castle Age
17:08 Stone Mining
17:38 Horse Collar
25:19 Double-Bit Axe
25:39 Heavy Plow
26:39 Bow Saw
30:14 Gold Mining
31:31 Ballistics
32:08 Gold Shaft Mining
36:00 Imperial Age
34:51 Fletching
34:25 Elite Skirmisher
35:21 Pikeman
36:14 Forging
37:06 Wheelbarrow
38:16 Chemistry
37:17 Halberdier
37:57 Squires
38:20 Heavy Scorpion
40:30 Comitatenses
40:35 Conscription
40:47 Capped Ram
42:19 Siege Ram
-=312th=-younggun829
10:52 Feudal Age
15:19 Wheelbarrow
14:40 Horse Collar
14:49 Double-Bit Axe
18:53 Castle Age
17:24 Gold Mining
20:06 Fletching
20:18 Padded Archer Armor
19:48 Crossbowman
21:49 Heavy Plow
26:20 Kamandaran
27:10 Hand Cart
27:39 Stone Mining
29:10 Bow Saw
31:40 Gold Shaft Mining
30:54 Man-at-Arms
31:19 Gambesons
32:01 Leather Archer Armor
35:21 Thumb Ring
38:24 Bloodlines
39:05 Light Cavalry
42:55 Imperial Age
40:50 Husbandry
41:16 Scale Barding Armor
41:22 Forging
42:28 Chain Barding Armor
42:03 Bodkin Arrow
43:53 Conscription
45:45 Hussar
47:31 Crop Rotation
48:05 Two-Man Saw
Connection lost

Rejoining the realm…

Still unreachable

The connection could not be restored.

Session expired

The server has moved on; the page needs a fresh start.